 Dungeon Crawl Stone Soup version 0.28.0-53-g5a82cb258f (webtiles) character file.

Game seed: 5118577660197306066

166511 Jerry the Dancer (level 17, -6/97 HPs)
             Began as a Vine Stalker Fighter on July 29, 2022.
             Was a Believer of Uskayaw.
             Succumbed to a swamp dragon's poison gas
             ... on level 1 of the Swamp.
             The game lasted 02:43:24 (28364 turns).

Jerry the Dancer (Vine Stalker Fighter)            Turns: 28364, Time: 02:43:25

Health: -6/97      AC: 26    Str: 22    XL:     17   Next: 60%
Magic:  27/29      EV: 22    Int:  8    God:    Uskayaw [**....]
Gold:   431        SH:  9    Dex: 23    Spells: 14/20 levels left

rFire   + + .      SeeInvis +   H - +4 rapier (venom)
rCold   . . .      Faith    +   P - +3 buckler
rNeg    . . .      Spirit   +   X - +3 plate armour {rF+}
rPois   .          Reflect  .   W - +0 helmet {SInv}
rElec   .          Harm     .   u - +1 cloak of Starlight {*Dazzle EV+4 Stlth--}
rCorr   +          Rampage  +   h - +0 pair of gloves
Will    ++...                   A - -1 pair of boots of the Lizard {Rampage rCorr SInv}
Stlth   ..........              U - amulet of Red Wine {Faith +Inv rF+ Regen+ Dex+4}
HPRegen 1.86/turn               l - +4 ring of evasion
MPRegen 0.21/turn               f - +4 ring of evasion

@: lethally poisoned (-6 -> -65)
A: fangs 3, regeneration 1, magic shield, antimagic bite, no potion heal 2
}: 1/15 runes: serpentine
a: Renounce Religion, Evoke Invisibility, Stomp, Line Pass


You were on level 1 of the Swamp.
You worshipped Uskayaw.
Uskayaw was pleased with you.
You visited 7 branches of the dungeon, and saw 29 of its levels.

You collected 2340 gold pieces.
You spent 1909 gold pieces at shops.

Inventory:

Hand Weapons
 H - a +4 rapier of venom (weapon)
Missiles
 z - a throwing net
Armour
 h - a +0 pair of gloves (worn)
 p - the +0 pair of boots of the Peculiar Coins {rPois Dex+2}
   (You found it on level 2 of the Lair of Beasts)

   Dex:       It affects your dexterity (+2).
   rPois:     It protects you from poison.
 u - the +1 cloak of Starlight (worn) {*Dazzle EV+4 Stlth--}
   (You acquired it on level 2 of the Lair of Beasts)

   It may blind those who miss an attack against the wearer in melee combat.
   EV:        It affects your evasion (+4).
   Stlth:     It makes you much less stealthy.
 A - the -1 pair of boots of the Lizard (worn) {Rampage rCorr SInv}
   (You bought it in a shop on level 3 of the Dungeon)

   SInv:      It lets you see invisible.
   rCorr:     It protects you from acid and corrosion.
   Rampage:   It bestows one free step when moving towards enemies.
 P - a +3 buckler (worn)
 W - a +0 helmet of see invisible (worn)
 X - a +3 plate armour of fire resistance (worn)
Jewellery
 f - a +4 ring of evasion (right hand)
 l - a +4 ring of evasion (left hand)
 L - a ring of fire
 T - a ring of ice
 U - the amulet of Red Wine (around neck) {Faith +Inv rF+ Regen+ Dex+4}
   (You bought it in a shop on level 2 of the Orcish Mines)

   [amulet of faith]

   It allows you to gain divine favour quickly.
   Dex:       It affects your dexterity (+4).
   rF:        It protects you from fire.
   +Inv:      It lets you turn invisible.
   Regen:     It increases your rate of health regeneration.
Wands
 a - a wand of acid (13)
 c - a wand of charming (4)
 x - a wand of polymorph (11)
 J - a wand of digging (2)
 K - a wand of mindburst (12)
 O - a wand of iceblast (7)
Scrolls
 b - 2 scrolls of amnesia
 e - 13 scrolls of teleportation
 j - 5 scrolls of identify
 n - 2 scrolls of magic mapping
 t - 3 scrolls of summoning
 B - 5 scrolls of noise
 D - 4 scrolls of fear
 G - 4 scrolls of enchant weapon
 I - a scroll of fog
 M - a scroll of enchant armour
 N - 2 scrolls of torment
Potions
 d - 8 potions of curing
 g - 4 potions of brilliance
 i - 2 potions of resistance
 k - a potion of attraction
 m - 4 potions of lignification
 r - 2 potions of flight
 s - 2 potions of ambrosia
 w - 2 potions of might
 F - a potion of mutation {unknown}
 Q - a potion of haste
Miscellaneous
 C - a tin of tremorstones (2/2)
 R - a lightning rod (4/4)
 S - a phantom mirror


   Skills:
 + Level 14.0 Fighting
 - Level 14.0 Short Blades
 + Level 14.2 Armour
 - Level 5.9 Dodging
 - Level 1.9 Stealth
 - Level 5.0 Shields
 - Level 2.0 Spellcasting
 + Level 14.6 Invocations


You had 14 spell levels left.
You knew the following spells:

 Your Spells              Type           Power      Damage    Failure   Level
a - Statue Form           Tmut/Erth      0%         N/A       100%        6

Your spell library contained the following spells:

 Spells                   Type           Power      Damage    Failure   Level
 Beastly Appendage        Tmut           0%         N/A       99%         1
 Magic Dart               Conj           0%         1d3       99%         1
 Sting                    Tmut/Pois      0%         1d3       99%         1
 Call Imp                 Summ           0%         N/A       100%        2
 Sublimation of Blood     Necr           0%         N/A       100%        2
 Wereblood                Tmut           0%         N/A       100%        2
 Call Canine Familiar     Summ           0%         N/A       100%        3
 Dazzling Flash           Conj/Hex       0%         N/A       100%        3
 Gell's Gravitas          Tloc           0%         N/A       100%        3
 Lesser Beckoning         Tloc           0%         N/A       100%        3
 Mephitic Cloud           Conj/Pois/Air  0%         N/A       100%        3
 Portal Projectile        Hex/Tloc       0%         N/A       100%        3
 Spider Form              Tmut/Pois      0%         N/A       100%        3
 Teleport Other           Tloc           0%         N/A       100%        3
 Tukima's Dance           Hex            0%         N/A       100%        3
 Fulminant Prism          Conj/Hex       0%         3d6       100%        4
 Iskenderun's Mystic Bla  Conj/Tloc      0%         2d3       100%        4
 Leda's Liquefaction      Hex/Erth       0%         N/A       100%        4
 Passage of Golubria      Tloc           0%         N/A       100%        4
 Petrify                  Tmut/Erth      0%         N/A       100%        4
 Agony                    Necr           0%         N/A       100%        5
 Irradiate                Conj/Tmut      0%         3d14      100%        5
 Iskenderun's Battlesphe  Conj           0%         2d6       100%        5
 Lee's Rapid Deconstruct  Erth           0%         3d5*      100%        5
 Lightning Bolt           Conj/Air       0%         1d11      100%        5
 Silence                  Hex/Air        0%         N/A       100%        5
 Summon Forest            Summ/Tloc      0%         N/A       100%        5
 Yara's Violent Unravell  Hex/Tmut       0%         3d3       100%        5
 Iron Shot                Conj/Erth      0%         9d1       100%        6
 Summon Cactus Giant      Summ           0%         N/A       100%        6
 Malign Gateway           Summ/Tloc      0%         N/A       100%        7
 Spellforged Servitor     Conj/Summ      0%         N/A       100%        7
 Summon Horrible Things   Summ           0%         N/A       100%        8


Dungeon Overview and Level Annotations

Branches:
Dungeon (14/15)            Temple (1/1) D:5            Lair (6/6) D:8
  Swamp (1/4) Lair:3        Snake (4/4) Lair:2        Slime (0/5) Lair:5
    Orc (2/2) D:11            Elf (1/3) Orc:2        Vaults (0/5) D:13

Altars:
Ashenzari
Cheibriados
Dithmenos
Elyvilon
Fedhas
Gozag
Hepliaklqana
Kikubaaqudgha
Makhleb
Nemelex Xobeh
Okawaru
Qazlal
Ru
Sif Muna
Trog
Uskayaw
Vehumet
Wu Jian
Xom
Yredelemnul
Zin
The Shining One
Beogh
Jiyva

Shops:
D:1 *   D:3 (?([   D:8 ?*   Orc:1 [   Orc:2 [(*=   Snake:1 [=***   Snake:2 *:[*

Annotations:
D:2 Sigmund
D:10 exclusions: oklob plant and oklob sapling
D:13 1 runed translucent door
Lair:3 1 runed translucent door, H0rd4k's ghost, adept HuAr


Innate Abilities, Weirdness & Mutations

You have razor-sharp teeth.
Your natural rate of healing is unusually fast.
When hurt, damage is shared between your health and your magic reserves.
Your bite disrupts and absorbs the magic of your enemies.
Potions cannot restore your health.


Message History

You hit the swamp dragon. You bite the swamp dragon! You drain its power.
The swamp dragon is moderately wounded.
You are engulfed in poison gas.
You are more poisoned.
You feel extremely sick.
A swamp worm comes into view.
Unknown command.
You hit the swamp dragon. You bite the swamp dragon! You drain its power.
The swamp dragon is heavily wounded.
You are engulfed in poison gas.
You are more poisoned.
You feel extremely sick. The swamp dragon misses you. x2
The swamp dragon tramples you but does no damage.
You can now pass through a line of other dancers.
You hit the swamp dragon but do no damage.
The swamp dragon is poisoned.
The swamp dragon is heavily wounded.
You are engulfed in poison gas.
You are lethally poisoned!
You feel extremely sick.
Unknown command.
You puncture the swamp dragon!
You bite the swamp dragon, but do no damage.
The swamp dragon is severely wounded.
You are engulfed in poison gas.
You are more poisoned.
You feel extremely sick. You block the swamp dragon's attack.
The swamp dragon claws you but does no damage.
You block the swamp dragon's attack.
You hit the swamp dragon.
The swamp dragon is severely wounded.
You are engulfed in poison gas.
You are more poisoned.
* * * LOW HITPOINT WARNING * * *
You feel extremely sick.
* * * LOW HITPOINT WARNING * * *
You feel extremely sick.
A tyrant leech comes into view.
You die...

♣♣.....♣♣♣♣♣♣♣
♣.≈≈.≈.....≈≈♣♣♣
..≈≈.≈≈§≈.≈≈≈≈.≈
.....≈≈...≈≈)≈≈≈
≈≈..≈≈○♣.......
♣..°○○☼≈≈§≈.≈
♣...°°○≈w≈.≈
♣♣..D≈≈≈.♣♣.
..♣♣♣≈♣@♣≈..$♣
≈.w..≈.<..♣♣♣♣
..≈≈≈.♣[♣♣♣
≈≈.≈...^......>
♣...♣≈♣.♣♣.≈♣≈≈
♣♣.♣♣♣♣.♣ ≈≈≈≈
♣♣ .≈. ≈≈. ♣≈♣
>≈ ♣.♣ .


You could see a swamp dragon (very poisoned), a tyrant leech (wandering) and a
swamp worm.

Vanquished Creatures
  11 nagarajas
  An orc warlord (Orc:2)
  7 salamander tyrants
  12 naga warriors
  The ghost of hitsuchi the Unseen, a journeyman KoBr of Dithmenos (Lair:2)
  Harold (D:7)
  6 hydras
  An ogre mage (D:13)
  4 vault guards (D:13)
  A centaur warrior (D:8)
  2 boulder beetles
  Erolcha (D:13)
  Erica (D:11)
  3 catoblepae
  9 anacondas
  7 two-headed ogres
  2 death yaks
  12 naga sharpshooters
  6 shock serpents
  4 skeletal warriors (D:13)
  A salamander mystic (Snake:3)
  A goliath frog (Lair:6)
  10 naga ritualists
  8 orc knights
  A wizard (D:13)
  12 mana vipers
  A cyclops (D:12)
  14 salamanders
  An ugly thing (D:11)
  27 elephants
  Joseph (D:8)
  3 centaur zombies
  A moth of wrath (Lair:2)
  Maurice (D:8)
  6 guardian serpents
  25 black mambas
  9 naga magi
  2 unseen horrors
  2 gargoyles (D:13)
  2 torpor snails
  19 cane toads
  3 rime drakes
  An unseen horror (shapeshifter) (D:13)
  A kobold demonologist (D:13)
  2 ice devils (Lair:4)
  9 komodo dragons
  3 trolls
  The ghost of Sheol the Skirmisher, an amateur MiFi (D:5)
  2 tyrant leeches (Lair:6)
  3 polar bears
  Grinder (D:4)
  3 hornets
  11 slime creatures (D:12)
  29 blink frogs
  6 dream sheep (Lair:5)
  5 spriggans (Lair:2)
  A wyvern (Lair:5)
  Eustachio (D:6)
  A wraith (D:9)
  4 basilisks
  A steam dragon (D:9)
  39 yaks
  12 vampire mosquitoes
  5 wargs
  2 acid dragons
  31 nagas
  11 water moccasins
  2 ice beasts
  A sky beast (D:6)
  3 black bears
  40 orc warriors
  8 ogres
  31 wolves
  5 centaurs
  A kobold brigand (D:6)
  21 bullfrogs
  Blork the orc (D:5)
  2 gnoll sergeants
  3 scorpions
  A water moccasin zombie (D:5)
  A hornet simulacrum (D:9)
  3 water moccasin skeletons
  12 killer bees
  4 wights (D:9)
  5 electric eels
  6 howler monkeys
  2 hounds
  A jelly (D:5)
  16 orc priests
  A centaur skeleton (D:6)
  A gnoll shaman (Temple)
  7 iguanas
  18 orc wizards
  5 hell rats (Lair:5)
  A killer bee zombie (D:8)
  A centaur simulacrum (D:9)
  7 adders
  20 gnolls
  7 river rats (Lair:5)
  7 white imps
  3 ufetubi (D:9)
  An adder skeleton (D:4)
  2 dart slugs
  79 orcs
  12 ball pythons
  5 bats
  9 endoplasms
  2 giant cockroaches (D:3)
  4 hobgoblins
  9 jackals
  6 quokkas
  4 frilled lizards
  8 goblins
  6 kobolds
  8 rats
829 creatures vanquished.

Vanquished Creatures (collateral kills)
  An elephant (D:8)
  A yak (D:8)
  A black bear (D:8)
3 creatures vanquished.

Vanquished Creatures (others)
  A mana viper (Snake:4)
  A naga mage (Snake:4)
  An orc wizard (D:7)
  5 bushes (Lair:6)
  48 fungi
  99 plants
155 creatures vanquished.

Grand Total: 987 creatures vanquished

Notes
Turn   | Place    | Note
-------+----------+-------------------------------------------
     0 | D:1      | Jerry the Vine Stalker Fighter began the quest for the Orb.
     0 | D:1      | Reached XP level 1. HP: 11/11 MP: 2/2
   192 | D:1      | Reached XP level 2. HP: 16/16 MP: 3/3
   472 | D:1      | Found Risaf's Assorted Antiques.
   680 | D:1      | Found a faded altar of an unknown god.
  1071 | D:1      | Reached XP level 3. HP: 14/19 MP: 2/4
  1411 | D:2      | Noticed Sigmund
  1930 | D:3      | Found an iron altar of Okawaru.
  1962 | D:3      | Found Nuzuon's Antique Armour Emporium.
  2406 | D:3      | Found Gumeu's Weapon Shop.
  2568 | D:3      | Found Antumm's Magic Scroll Boutique.
  2577 | D:3      | Bought a scroll of teleportation for 42 gold pieces
  2722 | D:3      | Gained mutation: Your natural rate of healing is unusually
                  | fast. [Vine Stalker growth]
  2722 | D:3      | Reached XP level 4. HP: 23/24 MP: 5/5
  2836 | D:3      | Noticed an ogre
  2841 | D:3      | Killed an ogre
  2842 | D:3      | Reached XP level 5. HP: 26/28 MP: 6/6
  2844 | D:3      | Found Saikosas's Weapon Boutique.
  2865 | D:4      | Noticed Grinder
  3210 | D:4      | Reached XP level 6. HP: 33/33 MP: 5/7
  3299 | D:4      | Paralysed by Grinder for 6 turns
  3308 | D:4      | Killed Grinder
  3309 | D:4      | Reached XP level 7. HP: 21/37 MP: 8/8
  3585 | D:5      | Entered Level 5 of the Dungeon
  3894 | D:5      | Found a staircase to the Ecumenical Temple.
  3900 | Temple   | Entered the Ecumenical Temple
  4199 | Temple   | Became a worshipper of Uskayaw the Reveller
  4259 | D:5      | Reached * piety under Uskayaw
  4262 | D:5      | Reached ** piety under Uskayaw
  4413 | D:5      | Gained mutation: You have razor-sharp teeth. [Vine Stalker
                  | growth]
  4413 | D:5      | Reached XP level 8. HP: 40/42 MP: 9/9
  4507 | D:5      | Found a large runed translucent door.
  4508 | D:5      | Found a large runed translucent door.
  4509 | D:5      | Noticed Sheol's ghost (amateur MiFi)
  4573 | D:5      | Noticed Blork the orc
  4580 | D:5      | Killed Blork the orc
  4894 | D:5      | Reached skill level 5 in Shields
  4904 | D:6      | Reached *** piety under Uskayaw
  4905 | D:6      | Reached skill level 5 in Fighting
  5007 | D:6      | Noticed Eustachio
  5017 | D:6      | Killed Eustachio
  5018 | D:6      | Reached skill level 5 in Short Blades
  5125 | D:6      | Reached skill level 5 in Armour
  5650 | D:6      | Reached XP level 9. HP: 46/48 MP: 8/10
  5897 | D:7      | Noticed Harold
  6073 | D:7      | Reached **** piety under Uskayaw
  6080 | D:7      | Reached ***** piety under Uskayaw
  6566 | D:7      | Killed Harold
  6836 | D:7      | Noticed a komodo dragon
  6871 | D:7      | Killed a komodo dragon
  6872 | D:7      | Reached XP level 10. HP: 25/55 MP: 4/11
  6999 | D:8      | Noticed a two-headed ogre
  7010 | D:8      | Killed a two-headed ogre
  7084 | D:8      | Noticed Maurice
  7153 | D:8      | Noticed Joseph
  7184 | D:8      | Killed Joseph
  7185 | D:8      | Reached skill level 1 in Invocations
  7243 | D:8      | Found Imuylem's Assorted Antiques.
  7258 | D:8      | Noticed a centaur warrior
  7275 | D:8      | Killed a centaur warrior
  7333 | D:8      | Found Gumecuoxt's Magic Scroll Shoppe.
  7509 | D:8      | Killed Maurice
  7520 | D:8      | Found a staircase to the Lair.
  7520 | D:8      | Noticed an elephant
  7540 | D:8      | Killed an elephant
  7693 | D:8      | Reached XP level 11. HP: 60/60 MP: 14/14
  8026 | D:3      | Bought a pair of transparent boots for 294 gold pieces
  8026 | D:3      | Identified the -1 pair of boots of the Lizard {Rampage
                  | rCorr SInv} (You bought it in a shop on level 3 of the
                  | Dungeon)
  8177 | Lair:1   | Entered Level 1 of the Lair of Beasts
  8897 | D:9      | Noticed a two-headed ogre
  8915 | D:9      | Killed a two-headed ogre
  9159 | D:9      | Reached skill level 5 in Invocations
  9415 | D:9      | Noticed a two-headed ogre
  9432 | D:9      | Killed a two-headed ogre
  9837 | D:10     | Entered Level 10 of the Dungeon
  9989 | D:10     | Noticed a two-headed ogre
 10016 | D:9      | Killed a two-headed ogre
 10017 | D:9      | Reached skill level 1 in Spellcasting
 10217 | D:10     | Identified the +1 leather armour of Qazlal's Generosity
                  | {-Cast Harm rN+}
 10506 | D:10     | Noticed a two-headed ogre
 10518 | D:10     | Killed a two-headed ogre
 10519 | D:10     | Reached XP level 12. HP: 15/67 MP: 5/17
 10692 | D:10     | Got the Papyrus of Nature
 10700 | D:10     | Learned a level 6 spell: Statue Form
 11279 | D:10     | Paralysed by a hornet for 2 turns
 11429 | Lair:1   | Reached skill level 1 in Dodging
 11473 | Lair:2   | Noticed a four-headed hydra
 11488 | Lair:2   | Killed a four-headed hydra
 11515 | Lair:2   | Noticed a five-headed hydra
 11544 | Lair:2   | Killed a five-headed hydra
 11545 | Lair:2   | Reached skill level 10 in Short Blades
 11596 | Lair:2   | Found a transporter.
 11615 | Lair:2   | Identified the +7 scale mail "Waxab" {Harm rF++ rC+ Str+4}
 11615 | Lair:2   | Noticed hitsuchi's ghost (journeyman KoBr)
 11630 | Lair:2   | Found a bloodstained altar of Trog.
 11667 | Lair:2   | Found a transporter.
 11741 | Lair:2   | Found a staircase to the Snake Pit.
 11889 | Lair:2   | Found a stormy altar of Qazlal.
 12275 | Lair:3   | Found a runed translucent door.
 12278 | Lair:3   | Noticed H0rd4k's ghost (adept HuAr)
 12533 | Lair:3   | Reached ****** piety under Uskayaw
 12723 | Lair:3   | Reached XP level 13. HP: 70/70 MP: 19/19
 12842 | Lair:3   | Reached skill level 10 in Armour
 12973 | Lair:3   | Identified the +3 trident of Kotosigh {drain, rCorr Dex+3}
 12994 | Lair:3   | Found a staircase to the Swamp.
 14286 | Lair:4   | Found a frozen archway.
 14623 | Lair:4   | Reached skill level 5 in Dodging
 15439 | Lair:5   | Found a viscous altar of Jiyva.
 15440 | Lair:5   | Found a staircase to the Slime Pits.
 15675 | Lair:5   | Reached XP level 14. HP: 57/75 MP: 17/22
 16202 | D:3      | Bought a glowing buckler for 232 gold pieces
 16444 | Lair:6   | Entered Level 6 of the Lair of Beasts
 16513 | Lair:6   | Reached skill level 10 in Invocations
 16657 | Lair:6   | Reached skill level 10 in Fighting
 17944 | Lair:2   | Identified a scroll of acquirement
 17944 | Lair:2   | Acquired the +1 cloak of Starlight {*Dazzle EV+4 Stlth--}
 17944 | Lair:2   | Found the +1 cloak of Starlight {*Dazzle EV+4 Stlth--}
 17997 | Lair:2   | Reached skill level 1 in Stealth
 18006 | Lair:2   | Killed hitsuchi's ghost
 18013 | Lair:2   | Identified the +0 pair of boots of the Peculiar Coins
                  | {rPois Dex+2}
 18211 | D:5      | Killed Sheol's ghost
 18710 | D:10     | Paralysed by a hornet for 1 turns
 19000 | D:11     | Noticed Erica
 19022 | D:11     | Killed Erica
 19170 | D:11     | Found a staircase to the Orcish Mines.
 19365 | D:11     | Reached XP level 15. HP: 75/81 MP: 21/24
 20875 | D:13     | Found a runed translucent door.
 21038 | D:13     | Noticed Erolcha
 21045 | D:13     | Killed Erolcha
 21598 | D:13     | Found a gate to the Vaults.
 22244 | Orc:1    | Entered Level 1 of the Orcish Mines
 22542 | Orc:1    | Found Miapso Wor's Antique Armour Boutique.
 22857 | Orc:2    | Entered Level 2 of the Orcish Mines
 23018 | Orc:2    | Found a staircase to the Elven Halls.
 23033 | Orc:2    | Noticed an orc warlord
 23091 | Orc:2    | Killed an orc warlord
 23376 | Orc:2    | Found Vecemita's Antique Weapon Shoppe.
 23438 | Orc:2    | Found Ceuvor's Armour Shop.
 23613 | Orc:2    | Found Dutrecu's Assorted Antiques.
 23654 | Orc:2    | Bought a pitted crystal amulet for 135 gold pieces
 23654 | Orc:2    | Identified the amulet of Red Wine {Faith +Inv rF+ Regen+
                  | Dex+4} (You bought it in a shop on level 2 of the Orcish
                  | Mines)
 23664 | Orc:2    | Found Zuirhoegaz's Jewellery Shoppe.
 23837 | Elf:1    | Entered Level 1 of the Elven Halls
 24105 | Snake:1  | Entered Level 1 of the Snake Pit
 24125 | Snake:1  | Found Wufiptem's Jewellery Boutique.
 24133 | Snake:1  | Found Defur's Assorted Antiques.
 24133 | Snake:1  | Found Gashreuby's Armour Boutique.
 24138 | Snake:1  | Found Tomuq's Assorted Antiques.
 24306 | Snake:1  | Found Baups's CLEARANCE SALE!.
 24623 | Snake:2  | Found Arpheen's Antique Armour Shoppe.
 24626 | Snake:2  | Bought a shiny helmet for 270 gold pieces
 24636 | Snake:2  | Bought a runed plate armour for 936 gold pieces
 24671 | Snake:2  | Reached XP level 16. HP: 84/88 MP: 24/26
 24673 | Snake:2  | Identified the +3 scale mail "Soezah" {Str-2 Int+3 Stlth+}
 24773 | Snake:2  | Found Geoddot's Book Emporium.
 24872 | Snake:2  | Found Busul's Assorted Antiques.
 25110 | Snake:2  | Identified the +2 robe "Vazxofug" {rF+ Dex+2 Slay-6}
 25230 | Snake:2  | Found Nolal's General Store.
 25473 | Snake:3  | Identified the +10 battleaxe "Ecearr" {vorpal, MP+9 Str+2
                  | Int+5}
 25485 | Snake:3  | Got Guempuph's Compendium of the Escort and Combat Magic
 25732 | Snake:3  | Noticed a nagaraja
 25761 | Snake:3  | Killed a nagaraja
 26480 | Snake:4  | Entered Level 4 of the Snake Pit
 26539 | Snake:4  | Noticed a nagaraja
 26543 | Snake:4  | Noticed a nagaraja
 26693 | Snake:3  | Killed a nagaraja
 26702 | Snake:4  | Killed a nagaraja
 26703 | Snake:4  | Reached XP level 17. HP: 95/95 MP: 28/28
 28001 | Snake:4  | Got a serpentine rune of Zot
 28351 | Swamp:1  | Entered Level 1 of the Swamp
 28364 | Swamp:1  | Succumbed to a swamp dragon's poison gas

Illustrated notes

Levels and vault maps discovered:
D:1:      grunt_arrival_crossed_arrows, layout_basic,
          dilly_ecumenical_altar_fadedgnrine, serial_shops, shop_statue,
          kennysheep_crisscross
D:2:      layout_rooms, uniq_sigmund
D:3:      layout_rooms, nicolae_overflow_crystal_walls, serial_shops, shop,
          shop, nicolae_shop_bloodbath_and_beyond, shop_coins,
          kennysheep_generic_room_2
D:4:      layout_rooms, uniq_grinder
D:5:      layout_loops_ring, minmay_temple_entry_drinking_statues,
          ebering_ghost_disaster_area, uniq_blork_the_orc
D:6:      layout_gridville, uniq_eustachio
D:7:      layout_basic, serial_co_window_serial, co_window_corner_a,
          co_window_paths_b, co_window_paths_a, co_window_of_opportunity_a,
          co_window_of_opportunity_a, co_window_cross_4,
          co_window_of_opportunity_c, co_window_cross_2, co_window_corner_ca,
          co_window_corner_b, co_window_broadway_b, co_window_cross_3,
          co_window_4corner_a, co_window_4corner_b, glass_columns_b,
          minmay_lizard_king, uniq_harold
D:8:      layout_cave_pools, david_lair_generic, serial_shops, shop_fountains,
          nicolae_shop_stone, uniq_joseph, uniq_maurice
D:9:      layout_roguey, serial_ice, serial_ice_f, serial_ice_d, serial_ice_k,
          serial_ice_n, serial_bayou_crossing
D:10:     layout_layer_cave, introduction_to_nature_2
D:11:     layout_cave_pods, orc_0_dummy, uniq_erica
D:12:     layout_stronghold, minmay_misc_feat_diagonals
D:13:     cheibrodos_shockbox, layout_basic, grunt_vaults_entry_fortified,
          uniq_erolcha
D:14:     layout_basic, gauntlet_entry_generic, chequers_serial_rivers_small_3,
          nrook_guardian_serpent_double
Temple:   mainiacjoe_temple_circle_huts
Lair:1:   layout_small_grid
Lair:2:   layout_chaotic_city, minmay_snake_entry_guardpost_small,
          gammafunk_ghost_wrathful_warriors, basic_altar,
          eino_small_chamber_without_monster
Lair:3:   layout_gridlike, swamp_mist_pool, ebering_ghost_funeral_grove,
          chequers_serial_rivers_small_3, cheibrodos_lair_reptile_den
Lair:4:   layout_regular_city, portal_ice_cave_demonic_guard,
          infiniplex_staircase_pool
Lair:5:   layout_cave_pods, dpeg_slime_entry_enclosed_altar,
          kennysheep_abandoned_house, grunt_megastairs_1
Lair:6:   minmay_lair_end_frog_pond, layout_regular_city, minmay_hedge_maze
Swamp:1:  layout_falls_marsh, evilmike_swamp_ruin_rubble_2, swamp_pool3
Snake:1:  layout_onion_interference, nicolae_shop_clearance, minmay_shoptagon
Snake:2:  layout_misc_corridors, serial_shops, nicolae_stop_n_shop_2,
          nicolae_stop_n_shop_2, shop, nicolae_shop_hallway_plus
Snake:3:  layout_misc_corridors, grunt_megastairs_3, serial_bayou_shore_b
Snake:4:  snake_hunt, layout_onion_interference, grunt_ministairs_13,
          st_stairs_13, nicolae_snake_serpentine_hallways
Orc:1:    layout_diamond_mine, serial_shops,
          nicolae_shop_temple_entry_statues_fountains, minmay_orc_keep
Orc:2:    st_orc_town, layout_diamond_mine
Elf:1:    layout_loops_ring, minivault_28, dk_noncrumbling_2, uniq_louise

Skill      XL: |  1  2  3  4  5  6  7  8  9 10 11 12 13 14 15 16 17 |
---------------+----------------------------------------------------+-----
Short Blades   | 2 3 4 5 7 8 9 10 11 12 14 | 14.0
Shields        | 3 4 5 |  5.0
Fighting       | 3 4 5 7 8 9 10 11 13 14 | 14.0
Armour         | 3 4 5 6 7 8 9 10 11 12 13 14 | 14.2
Invocations    | 3 6 7 9 11 12 13 14 | 14.6
Spellcasting   | 2 |  2.0
Dodging        | 3 5 |  5.9
Stealth        | 1 |  1.9

Action                   |  1- 3 |  4- 6 |  7- 9 | 10-12 | 13-15 | 16-18 || total
-------------------------+-------+-------+-------+-------+-------+-------++-------
Melee: Rapier            |   110 |    90 |   346 |   227 |   765 |   694 ||  2232
       Bite              |    24 |    19 |   119 |   271 |   748 |   316 ||  1497
       Short sword       |       |       |       |   444 |   866 |       ||  1310
Throw: Throwing net      |       |       |       |     7 |       |       ||     7
Invok: Line Pass         |       |       |       |     6 |     5 |     1 ||    12
       Stomp             |       |       |       |    14 |     3 |       ||    17
Evoke: Tin of tremorston |       |       |       |     1 |       |       ||     1
       Wand              |       |       |       |    10 |    11 |     1 ||    22
  Use: Scroll            |     1 |     2 |     1 |     8 |    17 |     1 ||    30
       Potion            |       |     2 |     2 |     3 |     3 |     2 ||    12
 Stab: Paralysed         |       |       |     6 |    41 |   105 |    63 ||   215
       Invisible         |       |       |     1 |       |    19 |    25 ||    45
       Held in net/web   |       |       |       |     1 |       |       ||     1
       Confused          |       |       |       |     2 |     2 |       ||     4
Armor: Scale mail        |    58 |    18 |   118 |   256 |   258 |       ||   708
       Plate armour      |       |       |       |       |     3 |   114 ||   117
Dodge: Dodged            |    47 |    40 |   183 |   390 |   882 |   334 ||  1876
Block: Buckler           |    25 |    21 |    92 |   182 |   407 |   219 ||   946
